Map: Triton LE

Players

sOs

  • Race: Protoss Protoss
  • Spawn Location: 5:00

Stats - Winner!

  • Race: Protoss Protoss
  • Spawn Location: 11:00

Event: IEM Katowice 2020

VOD

Have the link to the VOD?

Description

Time

  • Played on: Feb. 29, 2020, 9:19 a.m.
  • Length: 5:09

All games in this series

Show
View Real Time Build Order
Export as new Build Order

sOs Protoss 

Build Orders: Phoenix Opening, Dark Templar Rush 

Get SALT Encoding   

  12  0:00  Probe  
  13  0:12  Probe  
  14  0:16  Pylon  
  14  0:25  Probe (Chrono Boost)  
  16  0:37  Probe (Chrono Boost), Gateway  
  16  0:43  Probe (Chrono Boost)  
  16  0:46  Assimilator  
  17  0:51  Probe  
  17  0:54  Assimilator  
  18  1:03  Probe (Chrono Boost)  
  19  1:07  Gateway  
  19  1:13  Probe (Chrono Boost)  
  19  1:18  Probe (Chrono Boost)  
  20  1:25  Cybernetics Core  
  21  1:29  Probe  
  21  1:32  Pylon  
  22  1:41  Probe  
  23  2:02  Sentry  
  23  2:05  Warp Gate  
  23  2:08  Stalker  
  27  2:11  Probe  
  28  2:33  Pylon  
  28  2:35  Phoenix  
  27  2:39  Stalker x2  
  31  2:48  Nexus  
  31  2:51  Probe  
  32  3:01  Twilight Council  
  32  3:03  Probe  
  33  3:15  Probe (Chrono Boost)  
  34  3:23  Pylon  
  35  3:27  Probe (Chrono Boost)  
  35  3:33  Probe (Chrono Boost)  
  36  3:41  Probe (Chrono Boost)  
  36  3:46  Dark Shrine  
  37  3:53  Probe (Chrono Boost)  
  37  3:54  Sentry  
  42  4:03  Probe x2 (Chrono Boost)  
  42  4:09  Pylon  
  44  4:10  Probe (Chrono Boost)  
  44  4:11  Probe (Chrono Boost)  
  44  4:15  Probe (Chrono Boost)  
  46  4:25  Probe (Chrono Boost)  
  46  4:27  Probe (Chrono Boost)  
  46  4:29  Forge  
  47  4:33  Probe (Chrono Boost)  
  47  4:34  Probe (Chrono Boost)  
  47  4:38  Assimilator  
  49  4:39  Assimilator  
  49  4:41  Probe  
  49  4:44  Probe  
  51  4:50  Stalker x2  
  51  4:51  Shield Battery  
  55  4:53  Probe  
Show
View Real Time Build Order
Export as new Build Order

Stats Protoss - Winner!

Build Orders: Phoenix Opening 

Get SALT Encoding   

  12  0:00  Probe  
  13  0:12  Probe  
  14  0:17  Pylon  
  14  0:25  Probe (Chrono Boost)  
  15  0:37  Probe (Chrono Boost)  
  15  0:38  Gateway  
  16  0:44  Probe (Chrono Boost)  
  16  0:46  Assimilator  
  17  0:51  Probe  
  17  0:54  Assimilator  
  18  1:03  Probe (Chrono Boost)  
  19  1:07  Gateway  
  19  1:14  Probe (Chrono Boost)  
  20  1:18  Probe (Chrono Boost)  
  20  1:24  Cybernetics Core  
  21  1:29  Probe  
  21  1:32  Pylon  
  22  1:41  Probe  
  23  1:53  Probe  
  24  2:01  Warp Gate, Stalker x2  
  28  2:11  Pylon  
  28  2:19  Shield Battery  
  28  2:33  Sentry  
  28  2:35  Robotics Facility  
  30  2:45  Nexus  
  29  2:53  Sentry  
  29  2:55  Probe  
  32  3:03  Pylon  
  32  3:07  Phoenix  
  32  3:09  Probe  
  33  3:20  Immortal (Chrono Boost)  
  33  3:22  Probe  
  38  3:36  Probe  
  38  3:39  Gateway  
  39  3:49  Warp Prism (Chrono Boost)  
  41  3:59  Sentry x2  
  45  4:03  Probe x2  
  47  4:17  Observer (Chrono Boost)  
  47  4:21  Probe x2  
  47  4:23  Adept x2  
  54  4:25  Pylon  
  54  4:33  Probe  
  54  4:34  Probe  
  56  4:45  Stalker x3  

Tags
 
Add a new tag
Caveats
  • Supply blocks, unpowered buildings, or Contaminate may cause inaccurate times.
  • Supply counts are checked every 10 seconds.